[Event "*** Titled Tuesday Blitz"]
[Site "Chess.com"]
[Date "2020.11.03"]
[Round "5"]
[White "GMaka"]
[Black "keshka01"]
[Result "1/2-1/2"]
[WhiteElo "2397"]
[BlackElo "2559"]
[TimeControl "180+1"]
[EndTime "11:00:42 PST"]
[Termination "Game drawn by stalemate"]

1. d4 Nf6 2. c4 g6 3. Nc3 Bg7 4. e4 d6 5. Be2 O-O 6. Bg5 Na6 7. Qd2 c6 8. Bh6 e5 9. d5 Nc5 10. f3 cxd5 11. Bxg7 Kxg7 12. cxd5 Nh5 13. g3 Bd7 14. f4 Nf6 15. fxe5 dxe5 16. Bf3 Qb6 17. Nge2 Bh3 18. O-O-O a5 19. Kb1 a4 20. Nc1 a3 21. b3 Rfc8 22. Rhe1 Na4 23. Nxa4 Rxa4 24. Qe3 Rd4 25. Rxd4 exd4 26. Qd2 Nd7 27. Rd1 Ne5 28.
Be2 d3 29. Bxd3 Bg4 30. Be2 Bxe2 31. Nxe2 f6 32. Nd4 Kf7 33. Rc1 Rxc1+ 34. Kxc1 Qc5+ 35. Kd1 b5 36. Ke2 b4 37. Nf3 Ng4 38. Kf1 Ne3+ 39. Ke2 Ng4 40. Nd4 h5 41. h3 Ne5 42. Nf3 Nd7 43.
Qd4 Qc2+ 44. Qd2 Qxe4+ 45. Kf2 Nc5 46. d6 Ke8 47. Nd4 Kd7 48. Qe3 Qxe3+ 49. Kxe3 Kxd6 50. Nc2 Na6 51. Kd4 f5 52. Kc4 g5 53. Nd4 Ke5 54. Nf3+ Kf6 55. h4 g4 56. Nd4 Ke5 57. Ne2 Ke4 58. Nf4 Nc7 59. Nxh5 Nd5 60. Kc5 Nc3 61. Kxb4 Ne2 62. Kxa3 Kf3 63. b4 Nxg3 64. Nxg3 Kxg3 65. b5 f4 66. b6 f3 67. b7 f2 68. b8=Q+ Kg2 69.
Qf4 f1=Q 70. Qxg4+ Kh1 71. Qg3 Qc1+ 72. Kb3 Qb1+ 73.
Ka3 Qc1+ 74. Ka4 Qc4+ 75. Ka5 Qc5+ 76. Ka4 Qc6+ 77. Kb4 Qb6+ 78. Kc3 Qc5+ 79. Kd3 Qd5+ 80. Ke2 Qe4+ 81. Kf2 Qe2+ 82. Kxe2 1/2-1/2

[Event "*** Titled Tuesday Blitz"]
[Site "Chess.com"]
[Date "2020.11.03"]
[Round "5"]
[White "ShahMatKanal"]
[Black "ljuks68"]
[Result "1/2-1/2"]
[WhiteElo "2505"]
[BlackElo "2366"]
[TimeControl "180+1"]
[EndTime "11:00:47 PST"]
[Termination "Game drawn by repetition"]

1. d4 d5 2. c4 c6 3. Nf3 Nf6 4. e3 e6 5. Bd3 dxc4 6. Bxc4 b5 7. Bb3 a6 8. O-O Nbd7 9. a4 Bb7 10. Qe2 Bd6 11.
e4 e5 12. Rd1 Qc7 13. axb5 cxb5 14. d5 Nc5 15. Bc2 O-O 16. Bg5 Nfd7 17. Nc3 b4 18.
Na4 b3 19. Bb1 a5 20. Be3 Ba6 21. Qd2 Nxa4 22. Rxa4 Bb4 23. Rxb4 axb4 24. Qxb4 Rfb8 25.
Qe7 Qd8 26. d6 Qxe7 27. dxe7 Bb5 28. Nd2 f6 29. Rc1 Kf7 30. Nxb3 Kxe7 31. Nc5 Nxc5 32.
Bxc5+ Ke8 33. b4 Ra1 34. Be3 Rd8 35. h4 Bd3 36. Bxd3 Rxc1+ 37. Bxc1 Rxd3 38. Be3 Kd7 39. Bc5 g6 40. Kh2 f5 41. exf5 gxf5 42. f3 Rb3 43.
Kg3 Ke6 44. h5 Rb2 45. Bf8 Kd5 46. Bc5 Rb3 47. Kf2 e4 48. fxe4+ fxe4 49. g4 Ke5 50. g5 Kf5 51. g6 hxg6 52. hxg6 Kxg6 53. Ke2 Kf5 54. Kf2 Kf4 55. Bd6+ Kf5 56. Bc5 Rd3 57. Ke2 Kf4 58. Bf8 Re3+ 59. Kf2 Rf3+ 60. Ke2 Ke5 61. Bc5 Kd5 62. Kd2 Kc4 63. Ke2 Rd3 64. Kf2 Rb3 65. Ke2 Rd3 66. Be7 Ra3 67. Bc5 Rc3 68. Kd2 Ra3 69. Ke2 Rh3 70. Kf2 Rh6 71. Ke3 Kd5 72. Bf8 Rh3+ 73. Ke2 Rf3 74. Bc5 Ke5 75. Kd2 Rd3+ 76. Ke2 Kf4 77. Bf8 Rd5 78. Bc5 Kf5 79.
Ke3 Ke5 80. Ke2 Rd3 81. Bf8 Rd5 82. Bc5 Kf5 83. Ke3 Rd3+ 84. Ke2 Rb3 85. Kf2 1/2-1/2

[Event "*** Titled Tuesday Blitz"]
[Site "Chess.com"]
[Date "2020.11.03"]
[Round "5"]
[White "TregubovP"]
[Black "Fandorine"]
[Result "1/2-1/2"]
[WhiteElo "2540"]
[BlackElo "2823"]
[TimeControl "180+1"]
[EndTime "11:00:58 PST"]
[Termination "Game drawn by repetition"]

1. e4 c5 2. Nf3 d6 3. c3 Nf6 4. Be2 g6 5. O-O Bg7 6. Bb5+ Bd7 7. Bxd7+ Nfxd7 8. d4 O-O 9. d5 Na6 10. c4 Nc7 11.
Nc3 a6 12. a4 b5 13. axb5 axb5 14. Rxa8 Qxa8 15. cxb5 Qb7 16. Bg5 Re8 17. Qd3 h6 18.
Bh4 g5 19. Bg3 Rb8 20. h4 g4 21. Nh2 h5 22. f3 Nxb5 23. fxg4 Nd4 24. Rf2 Qa7 25. gxh5 Qa1+ 26. Qd1 Qxd1+ 27. Nxd1 Nf6 28. Nc3 Nxh5 29. Nf1 Nxg3 30. Nxg3 Be5 31. Nf1 Nb5 32. Rc2 Nd4 33. Rf2 Kg7 34. Ne3 Rh8 35. Ne2 Nxe2+ 36. Rxe2 Bd4 37. Kf1 Bxe3 38. Rxe3 Rxh4 39.
Kf2 Rh1 40. b4 cxb4 41. Rb3 Rh4 42. Rxb4 f5 43. Kf3 Kf6 44. g3 fxe4+ 45. Rxe4 Rh5 46. Re6+ Kf7 47. Ke4 Rg5 48. Rh6 Rxg3 49. Rh7+ Kf6 50.
Rh6+ Rg6 51. Rh4 Rg5 52. Rh6+ Kf7 53. Kd4 Ke8 54. Rh8+ Kd7 55. Ra8 Rg4+ 56. Kd3 Rb4 57. Ke3 Rb7 58. Kd4 Rc7 59. Ra4 Ke8 60. Ra8+ Kf7 61.
Rh8 Rc1 62. Rh7+ Kf6 63. Rh6+ Kg5 64. Re6 Rc7 65. Ke4 Rc4+ 66. Kd3 Rc7 67. Ke4 Ra7 68. Ke3 Kf5 69. Kd4 Ra4+ 70. Kd3 Ra7 71. Kd4 Rc7 72. Kd3 Kf4 73. Kd4 Kf5 74. Kd3 Rb7 75. Kd4 Rb4+ 76. Kd3 Rb8 77. Kd4 Rb7 78. Kd3 Rc7 79. Kd4 Kf4 80. Kd3 Kf3 81. Kd4 Kf2 82. Kd3 Kf3 83.
Kd4 Ra7 84. Kd3 Kf4 85. Kd4 Kf5 86. Kd3 Ra5 87. Kd4 Ra4+ 88. Kd3 Ra7 89. Kd4 1/2-1/2

[Event "*** Titled Tuesday Blitz"]
[Site "Chess.com"]
[Date "2020.11.03"]
[Round "5"]
[White "GP9isback23"]
[Black "A-S-00"]
[Result "1/2-1/2"]
[WhiteElo "2470"]
[BlackElo "2317"]
[TimeControl "180+1"]
[EndTime "11:00:59 PST"]
[Termination "Game drawn by repetition"]

1. d4 d5 2. Nf3 Nf6 3. c4 c6 4. e3 g6 5. Be2 Bg7 6. O-O O-O 7. b3 Nbd7 8. Bb2 b6 9. Nc3 Bb7 10. Rc1 Rc8 11. Ne5 Nxe5 12. dxe5 Nd7 13. cxd5 Bxe5 14.
dxc6 Bxc6 15. Ba6 Ra8 16. Na4 Bxb2 17. Nxb2 Nc5 18. Bc4 a5 19. Qe2 Qc7 20. Nd3 Nxd3 21. Bxd3 Qb7 22. f3 Rad8 23. Rfd1 b5 24. Rd2 Qb6 25.
Rcd1 Rd6 26. Bc2 Rfd8 27. Rxd6 exd6 28. Kh1 b4 29. e4 Bb5 30. Bd3 Bxd3 31. Qxd3 Qc5 32. h3 Rc8 33. Qa6 Rc6 34. Qd3 Kg7 35. Qd5 Rc7 36. Kh2 Kg8 37. h4 h5 38. Kh3 Kg7 39. Kh2 Rc6 40. Rd2 Rc7 41. Kg3 Rc6 42.
Qd3 Qc3 43. Qd5 Qc5 44. Kh3 Qc3 45. Rd3 Qc5 46. Kh2 Rc7 47. Qg5 Qxg5 48. hxg5 Rc2 49. Rxd6 Rxa2 50. Ra6 Ra3 51. Kg3 Rxb3 52. Rxa5 Rb2 53.
Ra7 b3 54. e5 Re2 55. Rb7 Rxe5 56. Rxb3 Rxg5+ 57. Kh3 Rd5 58. Rb4 g5 59. Rb7 Kg6 60.
Rb6+ f6 61. Rb7 Rd2 62. Kh2 h4 63. Kh3 Rd4 64. Rb6 Kg7 65. Ra6 Kg6 66. Ra5 Rd3 67.
Kh2 Rd4 68. Rb5 g4 69. fxg4 Rxg4 70. Rb8 f5 71. Rg8+ Kh5 72. Rh8+ Kg5 73. Rg8+ Kf4 74. Rf8 Kg5 75. Rg8+ Kf4 76. Rf8 Kg5 77. Ra8 Re4 78.
Rg8+ Kh5 79. Rh8+ Kg5 80. Rf8 f4 81. Rg8+ Kf5 82. Rf8+ Kg5 83. Rg8+ Kh5 84. Rh8+ Kg5 85. Rf8 Kh5 86. Rf5+ Kg4 87. Rf8 Kg5 1/2-1/2

[Event "*** Titled Tuesday Blitz"]
[Site "Chess.com"]
[Date "2020.11.03"]
[Round "5"]
[White "enriquetejedor"]
[Black "NikolaGry"]
[Result "1/2-1/2"]
[WhiteElo "2485"]
[BlackElo "2626"]
[TimeControl "180+1"]
[EndTime "11:02:47 PST"]
[Termination "Game drawn by 50-move rule"]

1. e4 e5 2. Nf3 d6 3. d4 exd4 4. Nxd4 Nf6 5. Nc3 g6 6. g3 Bg7 7. Bg2 O-O 8. O-O Bd7 9. h3 Nc6 10. Nb3 a5 11. a4 Re8 12. Re1 Ne5 13. f4 Nc4 14. Nd4 Qc8 15. Kh2 h5 16. b3 Nb6 17.
Be3 h4 18. g4 Bxg4 19. hxg4 Nxg4+ 20. Kh1 Nxe3 21. Rxe3 d5 22. e5 c5 23. Ndb5 d4 24. Nd6 Qe6 25. Rh3 dxc3 26. Nxe8 Rxe8 27.
Qe1 Qf5 28. Qxh4 Qxc2 29. Qh7+ Kf8 30. f5 Qxf5 31. Rf1 Qxf1+ 32. Bxf1 c2 33. Rc3 Rxe5 34. Qh2 Rh5 35. Qxh5 gxh5 36. Rxc2 Bd4 37. Be2 h4 38. Bf3 Ke7 39. Bxb7 Nd7 40. Kg2 Kf6 41. Kh3 Ne5 42.
Kxh4 Nd3 43. Rd2 Ne5 44. Bd5 Ke7 45. Re2 Kd6 46. Bg2 Ke6 47. Kg5 f6+ 48. Kf4 Kd6 49.
Bh3 c4 50. bxc4 Nxc4 51. Re4 Kc5 52. Re2 Be5+ 53. Kf5 Kb4 54. Re4 Kb3 55. Rh4 Nb6 56. Bg4 Ka3 57. Bd1 Nc8 58. Ke6 Nd6 59. Kd5 Nf5 60.
Rh3+ Kb4 61. Bg4 Ne7+ 62. Ke6 Ng6 63. Rh1 Nf4+ 64. Kf5 Kxa4 65. Rb1 Ka3 66. Ke4 a4 67. Bd7 Ka2 68. Rb7 a3 69. Be8 Ka1 70. Bf7 Ne2 71. Rb3 Bb2 72. Ke3 Nc1 73. Rb7 f5 74. Kf4 a2 75.
Kxf5 Kb1 76. Bxa2+ Kxa2 77. Ke4 Ba3 78. Ra7 Nb3 79.
Kd3 Na1 80. Kc3 Nb3 81. Rb7 Na1 82. Rb8 Bc1 83. Ra8+ Ba3 84. Ra7 Nb3 85. Rb7 Na1 86.
Rb5 Bc1 87. Ra5+ Ba3 88. Ra4 Nb3 89. Rh4 Bb2+ 90. Kc2 Na1+ 91. Kd2 Nb3+ 92. Kc2 Na1+ 93. Kd3 Nb3 94. Ra4+ Ba3 95. Kc3 Nc1 96. Kc2 Ne2 97. Re4 Nc1 98. Re3 Bb2 99. Re7 Ba3 100. Rb7 Ne2 101. Rd7 Nc1 102. Rd8 Ne2 103. Rd2 Nf4 104. Rf2 Nd5 105. Kd3+ Kb1 106. Kd4 Nb6 107. Kc3 Bc1 108. Rf1 Na4+ 109.
Kb3 Nc5+ 110. Kc4 Ne4 111. Rh1 Nd2+ 112. Kd3 Nb3 113. Kc3 Na1 114. Rg1 Nc2 115. Rg2 Na3 116. Rh2 Nb5+ 117. Kb3 Na3 118. Rh5 Nc2 119. Rh4 Na1+ 120. Kc3 Bb2+ 121.
Kd3 Ka2 122. Ra4+ Kb1 123. Rh4 Ka2 124. Kc4 Nc2 125. Rh1 Na3+ 126. Kd3 Kb3 1/2-1/2

[Event "*** Titled Tuesday Blitz"]
[Site "Chess.com"]
[Date "2020.11.03"]
[Round "6"]
[White "Balla_Tamas"]
[Black "Sviridov_Valery"]
[Result "0-1"]
[WhiteElo "2503"]
[BlackElo "2724"]
[TimeControl "180+1"]
[EndTime "11:05:16 PST"]
[Termination "Sviridov_Valery won by resignation"]

1. d4 g6 2. e4 Bg7 3. Nc3 d6 4. f4 a6 5. a4 b6 6. Nf3 Bb7 7. Bd3 e6 8. Qe2 Nd7 9. f5 exf5 10. exf5+ Qe7 11. Be3 Ngf6 12. O-O-O O-O 13. h3 Rfe8 14. Qf2 Qxe3+ 0-1

[Event "*** Titled Tuesday Blitz"]
[Site "Chess.com"]
[Date "2020.11.03"]
[Round "6"]
[White "Triumphmate"]
[Black "MatyChess1"]
[Result "0-1"]
[WhiteElo "2397"]
[BlackElo "2581"]
[TimeControl "180+1"]
[EndTime "11:05:20 PST"]
[Termination "MatyChess1 won by resignation"]

1. e4 c5 2. Nf3 g6 3. d4 cxd4 4. Nxd4 Nc6 5. f4 Bg7 6. Nf3 d6 7. Nc3 Nf6 8. Bd3 O-O 9. O-O e5 10. Kh1 exf4 11. Bxf4 Be6 12. Qe1 Ng4 13. Qg3 Nge5 14.
Ng5 Rc8 15. Qh4 h6 16. Nxe6 Qxh4 17. Nxg7 0-1

[Event "*** Titled Tuesday Blitz"]
[Site "Chess.com"]
[Date "2020.11.03"]
[Round "6"]
[White "SGchess01"]
[Black "FairChess_on_YouTube"]
[Result "1/2-1/2"]
[WhiteElo "2849"]
[BlackElo "2987"]
[TimeControl "180+1"]
[EndTime "11:05:24 PST"]
[Termination "Game drawn by repetition"]

1. d4 d5 2. c4 c6 3. Nc3 Nf6 4. cxd5 cxd5 5. Bf4 Nc6 6. e3 a6 7.
Be2 Bf5 8. Nf3 e6 9. Qb3 Ra7 10. O-O Be7 11. Rfc1 O-O 12. Ne5 Nxe5 13. Bxe5 Nd7 14.
Bg3 b5 15. a4 b4 16. Na2 Qa5 17. Rc6 Nb8 18. Rcc1 Nd7 19. Rc6 Nb8 20. Rcc1 Nd7 1/2-1/2

[Event "*** Titled Tuesday Blitz"]
[Site "Chess.com"]
[Date "2020.11.03"]
[Round "6"]
[White "Deepweb2020"]
[Black "fcliverpul"]
[Result "0-1"]
[WhiteElo "2250"]
[BlackElo "2384"]
[TimeControl "180+1"]
[EndTime "11:05:34 PST"]
[Termination "fcliverpul won by resignation"]

1. d4 d5 2. c4 c6 3. cxd5 cxd5 4. Nc3 Nf6 5. Bf4 Nc6 6. e3 a6 7. Bd3 Bg4 8. f3 Bh5 9. Nge2 e6 10. a3 Bg6 11. O-O Be7 12. b4 O-O 13. Bxg6 hxg6 14. Nc1 Rc8 15. Qd2 Nh5 16. Bg3 Nxg3 17. hxg3 Qc7 18. f4 Nxb4 19. N1e2 Nc6 20. Rfb1 Na5 21. Rb3 Nxb3 0-1

[Event "*** Titled Tuesday Blitz"]
[Site "Chess.com"]
[Date "2020.11.03"]
[Round "6"]
[White "Bodnar_Mykola"]
[Black "Sacbutt"]
[Result "1-0"]
[WhiteElo "2411"]
[BlackElo "2299"]
[TimeControl "180+1"]
[EndTime "11:05:51 PST"]
[Termination "Bodnar_Mykola won by resignation"]

1. e4 c5 2. Nf3 d6 3. d4 cxd4 4. Nxd4 Nf6 5. Nc3 a6 6. Bg5 e6 7. f4 Be7 8. Qf3 Nbd7 9. O-O-O Qc7 10. g4 b5 11. Bxf6 Nxf6 12. g5 Nd7 13. f5 Bxg5+ 14. Kb1 Ne5 15. Qh5 Bh6 16. fxe6 Ra7 17. Nd5 Qd8 18. Bh3 O-O 19. e7 Rxe7 20. Bxc8 1-0

[Event "*** Titled Tuesday Blitz"]
[Site "Chess.com"]
[Date "2020.11.03"]
[Round "6"]
[White "Bacyanide"]
[Black "picturesquecheck"]
[Result "1-0"]
[WhiteElo "2409"]
[BlackElo "2127"]
[TimeControl "180+1"]
[EndTime "11:05:59 PST"]
[Termination "Bacyanide won by resignation"]

1. d4 Nf6 2. Nf3 e6 3. Bf4 d5 4. e3 Bd6 5. Nbd2 O-O 6. Bg3 c5 7. c3 b6 8. Bd3 Bb7 9. Qe2 Ne4 10. Ne5 Qc7 11. f3 Nxg3 12. hxg3 Bxe5 13. Bxh7+ Kh8 14.
f4 f5 15. Bg6+ 1-0

[Event "*** Titled Tuesday Blitz"]
[Site "Chess.com"]
[Date "2020.11.03"]
[Round "6"]
[White "AurumO"]
[Black "LubovMarkelova"]
[Result "0-1"]
[WhiteElo "1963"]
[BlackElo "2235"]
[TimeControl "180+1"]
[EndTime "11:06:08 PST"]
[Termination "LubovMarkelova won by resignation"]

1. e4 e6 2. d4 d5 3. exd5 exd5 4. Bd3 Bd6 5. Nf3 Nc6 6. c3 Nge7 7. O-O Bg4 8. Re1 Qd7 9. a4 O-O 10. h3 Bf5 11.
Bf1 Rfe8 12. g3 Bxh3 13. Bg2 Bxg2 14. Kxg2 Qg4 15. b4 Nf5 16. Ne5 Nxe5 17. dxe5 Nh4+ 18. Kh2 Nf3+ 19. Kg2 Nxe1+ 0-1

[Event "*** Titled Tuesday Blitz"]
[Site "Chess.com"]
[Date "2020.11.03"]
[Round "6"]
[White "MomchilPetkov"]
[Black "mjray79"]
[Result "1-0"]
[WhiteElo "2655"]
[BlackElo "2484"]
[TimeControl "180+1"]
[EndTime "11:06:09 PST"]
[Termination "MomchilPetkov won by resignation"]

1. d4 Nf6 2. Bf4 g6 3. e3 Bg7 4.
Nf3 d6 5. h3 O-O 6. Be2 Nc6 7.
O-O e5 8. Bh2 Bf5 9. c3 Qe7 10. a4 Rad8 11. Na3 Ne8 12. Re1 d5 13. b4 exd4 14. exd4 Nd6 15. Nb5 Ne4 16. Nd2 Qg5 17. Nxe4 dxe4 18. Qc1 Qe7 19. Bxc7 Rd6 20. Bxd6 1-0

[Event "*** Titled Tuesday Blitz"]
[Site "Chess.com"]
[Date "2020.11.03"]
[Round "6"]
[White "RD4ever"]
[Black "suyu28"]
[Result "1-0"]
[WhiteElo "2861"]
[BlackElo "2651"]
[TimeControl "180+1"]
[EndTime "11:06:27 PST"]
[Termination "RD4ever won by resignation"]

1. d4 d5 2. c4 c6 3. Nf3 Nf6 4. Nc3 e6 5. e3 Nbd7 6. Be2 Bd6 7. O-O O-O 8. b3 Re8 9. Bb2 Bb4 10. Qc2 Bxc3 11.
Bxc3 Ne4 12. Bb2 b6 13. cxd5 cxd5 14. Rac1 Bb7 15. Qc7 Rb8 16. Bb5 Nef6 17. Ne5 Bc8 18. Qxd8 Rxd8 19. Nc6 Bb7 20. Nxd8 Rxd8 21. Rc7 Ba8 22.
Rfc1 Kf8 23. Ba3+ 1-0

[Event "*** Titled Tuesday Blitz"]
[Site "Chess.com"]
[Date "2020.11.03"]
[Round "6"]
[White "esskeettit"]
[Black "SHIVACalypso"]
[Result "1-0"]
[WhiteElo "2457"]
[BlackElo "2322"]
[TimeControl "180+1"]
[EndTime "11:06:27 PST"]
[Termination "esskeettit won by resignation"]

1. d4 e6 2. c4 Nf6 3. Nc3 Bb4 4. e3 O-O 5. Bd3 d5 6. Ne2 c5 7. cxd5 cxd4 8. exd4 Nxd5 9. O-O Nc6 10. a3 Ba5 11. Nxd5 Qxd5 12. Be3 Bc7 13. Nc3 Qd6 14.
g3 a6 15. Qh5 g6 16. Qh6 e5 17. Ne4 Qe7 18. Ng5 f6 19. Bc4+ Kh8 20. Nxh7 Qg7 21. Qxg7+ Kxg7 22. Nxf8 Kxf8 23. dxe5 Nxe5 24. Bd5 Ke7 25.
Rac1 Bd6 26. Rfe1 Be6 27. Bxe6 Nf3+ 28. Kg2 Nxe1+ 29. Rxe1 Kxe6 30. Bf4+ Kd7 31. Rd1 1-0

[Event "*** Titled Tuesday Blitz"]
[Site "Chess.com"]
[Date "2020.11.03"]
[Round "6"]
[White "PavelShkapenko"]
[Black "Heineccius"]
[Result "1-0"]
[WhiteElo "2643"]
[BlackElo "2537"]
[TimeControl "180+1"]
[EndTime "11:06:30 PST"]
[Termination "PavelShkapenko won by resignation"]

1. e4 c5 2. c3 Nf6 3. e5 Nd5 4. d4 cxd4 5. cxd4 d6 6. Nf3 e6 7. Nc3 Nxc3 8. bxc3 Nc6 9. Bd3 Be7 10. O-O O-O 11.
Qc2 h6 12. Qe2 d5 13. Bc2 f5 14. exf6 Bxf6 15. Qd3 Ne7 16. Bxh6 Nf5 17. Bf4 Bd7 18. g4 Ne7 19. g5 Bxd4 20. Qxd4 1-0

[Event "*** Titled Tuesday Blitz"]
[Site "Chess.com"]
[Date "2020.11.03"]
[Round "6"]
[White "NikolaGry"]
[Black "SARGISMV"]
[Result "1-0"]
[WhiteElo "2631"]
[BlackElo "2475"]
[TimeControl "180+1"]
[EndTime "11:06:34 PST"]
[Termination "NikolaGry won by checkmate"]

1. b3 e5 2. Bb2 Nc6 3. c4 f5 4. e3 Nf6 5. Nf3 e4 6. Nd4 Nxd4 7.
Bxd4 c5 8. Bxf6 Qxf6 9. Nc3 d6 10.
Be2 Be6 11. O-O Be7 12. f3 exf3 13. Bxf3 O-O-O 14. Nd5 Qf7 15. b4 Bf6 16. Rb1 Rd7 17. Qa4 Kb8 18. Rb3 Be5 19. Rfb1 Rc8 20. Ra3 b6 21.
bxc5 dxc5 22. Rxb6+ axb6 23. Qa8# 1-0

[Event "*** Titled Tuesday Blitz"]
[Site "Chess.com"]
[Date "2020.11.03"]
[Round "6"]
[White "Susal_De_Silva"]
[Black "almo64"]
[Result "0-1"]
[WhiteElo "2518"]
[BlackElo "2691"]
[TimeControl "180+1"]
[EndTime "11:07:01 PST"]
[Termination "almo64 won by resignation"]

1. e4 c5 2. Nf3 Nc6 3. Bb5 g6 4. Bxc6 dxc6 5. d3 Qc7 6. h3 e5 7. O-O Nf6 8. Nc3 Nh5 9. g4 Ng7 10. Be3 h5 11. Nh2 Ne6 12. g5 Nd4 13. h4 Bh3 14. Re1 O-O-O 15. Ne2 Be7 16. c3 Ne6 17. Ng3 f6 18. gxf6 Bxf6 19. Nf3 Bg4 20. Kg2 Bxh4 21. Qd2 Bf6 22. Ng5 Nf4+ 23. Bxf4 exf4 24. f3 Bxg5 25.
fxg4 f3+ 0-1

[Event "*** Titled Tuesday Blitz"]
[Site "Chess.com"]
[Date "2020.11.03"]
[Round "6"]
[White "FMalexhdez"]
[Black "ChristianAlm"]
[Result "1-0"]
[WhiteElo "2310"]
[BlackElo "2509"]
[TimeControl "180+1"]
[EndTime "11:07:03 PST"]
[Termination "FMalexhdez won by resignation"]

1. e4 d6 2. d4 Nf6 3. Nc3 g6 4. f4 Bg7 5. Nf3 O-O 6. e5 dxe5 7. fxe5 Nd5 8. Nxd5 Qxd5 9. c4 Qe4+ 10. Qe2 Qxe2+ 11. Bxe2 Bg4 12. Be3 c5 13. h3 Bxf3 14. Bxf3 Nc6 15. Bxc6 bxc6 16. O-O-O Rfd8 17. Rhe1 cxd4 18. Bxd4 Rd7 19.
Bc5 Rxd1+ 20. Kxd1 Rd8+ 21. Kc2 Rd7 22. e6 fxe6 23.
Rxe6 Kf7 24. Rxc6 e5 25. Ra6 e4 26. Rxa7 Ke6 27. Rxd7 Kxd7 28. b4 Bh6 29. b5 Kc7 30. a4 1-0

[Event "*** Titled Tuesday Blitz"]
[Site "Chess.com"]
[Date "2020.11.03"]
[Round "6"]
[White "LiemLe"]
[Black "gurelediz"]
[Result "1-0"]
[WhiteElo "2988"]
[BlackElo "2700"]
[TimeControl "180+1"]
[EndTime "11:07:09 PST"]
[Termination "LiemLe won by resignation"]

1. e4 c5 2. Nf3 e6 3. d4 cxd4 4. Nxd4 Nc6 5. Nc3 Qc7 6. Be3 a6 7. Qf3 Ne5 8. Qg3 h5 9. O-O-O Nf6 10. Bg5 d6 11. f4 Nc4 12. Bxc4 Qxc4 13. e5 Nd7 14. exd6 b5 15. Kb1 Bb7 16. Rhe1 b4 17.
Na4 Bd5 18. b3 Qc8 19. f5 Nf6 20. fxe6 fxe6 21. Nb6 Qb7 22. Nxa8 Qxa8 23. Bxf6 gxf6 24. Nxe6 1-0

[Event "*** Titled Tuesday Blitz"]
[Site "Chess.com"]
[Date "2020.11.03"]
[Round "6"]
[White "WcmDominicToretto"]
[Black "ecwinslow"]
[Result "1-0"]
[WhiteElo "1955"]
[BlackElo "2185"]
[TimeControl "180+1"]
[EndTime "11:07:15 PST"]
[Termination "WcmDominicToretto won by resignation"]

1. e4 c5 2. Nc3 d6 3. f4 a6 4.
Nf3 Nc6 5. Be2 Bg4 6. O-O Nf6 7. h3 Bxf3 8. Bxf3 Rc8 9. d3 g6 10. f5 Nd4 11. Be3 gxf5 12. exf5 Nxf5 13. Bg5 e6 14. Bxb7 Rc7 15. Bxa6 Rg8 16. Bb5+ Ke7 17. Qd2 h6 18. Nd5+ 1-0

[Event "*** Titled Tuesday Blitz"]
[Site "Chess.com"]
[Date "2020.11.03"]
[Round "6"]
[White "Klavdia_Nik"]
[Black "aleksey1203borisovi4"]
[Result "0-1"]
[WhiteElo "2102"]
[BlackElo "2468"]
[TimeControl "180+1"]
[EndTime "11:07:19 PST"]
[Termination "aleksey1203borisovi4 won by resignation"]

1. Nf3 g6 2. c4 Bg7 3. Nc3 d6 4. e4 Nc6 5. d4 e5 6. d5 Nd4 7. Nxd4 exd4 8. Nb5 Nf6 9. Qxd4 O-O 10. Qd3 Nxe4 11. Be2 Bf5 12. Qd1 c6 13. dxc6 bxc6 14.
Nd4 Nxf2 15. Kxf2 Qh4+ 16. Kf1 Bxd4 17. Qe1 Qf6 0-1

[Event "*** Titled Tuesday Blitz"]
[Site "Chess.com"]
[Date "2020.11.03"]
[Round "6"]
[White "crazy_but_lazy"]
[Black "davidkalashian"]
[Result "0-1"]
[WhiteElo "2455"]
[BlackElo "2606"]
[TimeControl "180+1"]
[EndTime "11:07:22 PST"]
[Termination "davidkalashian won by resignation"]

1. d4 Nf6 2. c4 e6 3. Nc3 Bb4 4.
e3 c5 5. Nf3 O-O 6. Bd2 d5 7. cxd5 Nxd5 8. Rc1 cxd4 9. Nxd4 Nxc3 10.
Bxc3 Bxc3+ 11. Rxc3 e5 12. Nb5 Qxd1+ 13. Kxd1 Nc6 14.
Nc7 Rb8 15. a3 Bf5 16. Bd3 Rfd8 17. Ke2 e4 18. Bc4 Ne5 19. f3 exf3+ 20. gxf3 Nxc4 21. e4 Rd2+ 22. Kf1 Bh3+ 23. Ke1 Rxb2 0-1

[Event "*** Titled Tuesday Blitz"]
[Site "Chess.com"]
[Date "2020.11.03"]
[Round "6"]
[White "Chessdreamer2020"]
[Black "Lagmantr"]
[Result "0-1"]
[WhiteElo "2503"]
[BlackElo "2723"]
[TimeControl "180+1"]
[EndTime "11:07:47 PST"]
[Termination "Lagmantr won by resignation"]

1. e4 c6 2. Nc3 d5 3. Nf3 dxe4 4. Nxe4 Nf6 5. Ng3 h5 6. h3 h4 7. Ne2 Bf5 8. d4 Nbd7 9. Bg5 Qb6 10. b3 O-O-O 11.
Nxh4 Bh7 12. g3 Ne4 13. Be3 e5 14. Bg2 Bb4+ 15. Kf1 Ndf6 16. a3 exd4 17. Bxd4 Bc5 18. c3 Nxc3 19. Nxc3 Bxd4 20. Qe1 Rhe8 21. Ne2 Bxa1 22.
Qxa1 Bd3 23. Bf3 Bxe2+ 24. Bxe2 Rd2 25. Qe1 Rexe2 26. Qxe2 Rxe2 27. Kxe2 Qxb3 28. Re1 Qxa3 29. Kf1 Qb2 30. Kg1 a5 31. Nf5 a4 32. Nd6+ Kc7 33.
Nc4 Qc3 0-1

[Event "*** Titled Tuesday Blitz"]
[Site "Chess.com"]
[Date "2020.11.03"]
[Round "6"]
[White "Alindsay211"]
[Black "Vanina1989"]
[Result "0-1"]
[WhiteElo "2458"]
[BlackElo "2608"]
[TimeControl "180+1"]
[EndTime "11:07:49 PST"]
[Termination "Vanina1989 won by checkmate"]

1. c4 c6 2. Nc3 d5 3. cxd5 cxd5 4. d4 Nf6 5. g3 Nc6 6. Bg2 Bf5 7. e3 e6 8. Nge2 Nb4 9. O-O Be7 10. Bd2 O-O 11.
f3 Bc2 12. Qc1 Bg6 13. e4 dxe4 14. fxe4 Rc8 15. a3 Nc6 16. Be3 Ng4 17. Qd2 Nxe3 18. Qxe3 Qb6 19. Rad1 Qxb2 20. d5 Ne5 21. Kh1 Nc4 22.
Qf2 Bc5 23. Qf4 Ne3 24. Na4 Qxe2 25. Rde1 Qxg2# 0-1

[Event "*** Titled Tuesday Blitz"]
[Site "Chess.com"]
[Date "2020.11.03"]
[Round "6"]
[White "ARTHURMOTIVATOR"]
[Black "BJthechessgod"]
[Result "0-1"]
[WhiteElo "2376"]
[BlackElo "2306"]
[TimeControl "180+1"]
[EndTime "11:07:50 PST"]
[Termination "BJthechessgod won by checkmate"]

1. e4 c5 2. b3 Nc6 3. Bb2 d6 4. Bb5 Bd7 5. d3 a6 6. Bxc6 Bxc6 7. Nd2 Nf6 8. f4 e6 9. Ngf3 Be7 10. O-O O-O 11.
Qe1 b5 12. e5 Nd5 13. Ne4 dxe5 14. Nxe5 Bb7 15. Qg3 Bf6 16. Nxf6+ Nxf6 17. Rae1 Rc8 18. Nd7 Qxd7 19. Bxf6 g6 20. Qg5 Qd5 21. Re5 h6 22.
Qh4 Qxg2# 0-1

[Event "*** Titled Tuesday Blitz"]
[Site "Chess.com"]
[Date "2020.11.03"]
[Round "6"]
[White "tan275"]
[Black "MichailovM"]
[Result "1-0"]
[WhiteElo "2196"]
[BlackElo "2419"]
[TimeControl "180+1"]
[EndTime "11:07:52 PST"]
[Termination "tan275 won by resignation"]

1. d4 Nf6 2. c4 c5 3. d5 b5 4. cxb5 a6 5. e3 axb5 6. Bxb5 Qa5+ 7. Nc3 Bb7 8. Bc4 e6 9. Bd2 Qb6 10. e4 exd5 11. exd5 Be7 12. Nf3 O-O 13. O-O Na6 14. Re1 Qd8 15. Bf4 Nh5 16. d6 Bf6 17. Be3 Re8 18. Rb1 Bc6 19. Nd5 Rb8 20. Bxa6 1-0

[Event "*** Titled Tuesday Blitz"]
[Site "Chess.com"]
[Date "2020.11.03"]
[Round "6"]
[White "lefonghua"]
[Black "canary2016"]
[Result "1-0"]
[WhiteElo "2253"]
[BlackElo "1953"]
[TimeControl "180+1"]
[EndTime "11:07:57 PST"]
[Termination "lefonghua won by checkmate"]

1. d4 Nf6 2. c4 e6 3. Nc3 Bb4 4.
f3 O-O 5. a3 Bxc3+ 6. bxc3 d5 7. cxd5 exd5 8. e3 c6 9. Bd3 Be6 10. Ne2 Re8 11. O-O Nbd7 12. Ng3 Qc7 13. e4 dxe4 14. fxe4 Bg4 15. Qc2 h6 16. Qf2 Rad8 17. e5 Nxe5 18. dxe5 Qxe5 19. Bf5 Bxf5 20. Nxf5 Re6 21.
Qg3 Qxg3 22. Nxg3 Rd3 23. Rb1 b6 24. c4 Red6 25. Bb2 Ng4 26. Nf5 Rg6 27. Ne7+ Kh7 28. Nxg6 fxg6 29. Rf7 Ne3 30. Rxg7+ Kh8 31. Rd7+ Kg8 32. Rxd3 Nf5 33. Rd7 a6 34. Re1 Kf8 35. g4 Nh4 36. Bg7+ Kg8 37. Re8+ Kh7 38. Rh8# 1-0